 Dungeon Crawl Stone Soup version 0.30.1-11-g7821555f0a (webtiles) character file.

Game seed: 1801850266868942047

457 booth the Chopper (level 6, -7/49 HPs)
             Began as a Demonspawn Monk on Nov 3, 2023.
             Killed from afar by Dowan (24 damage)
             ... with a shard of ice
             ... on level 4 of the Dungeon.
             The game lasted 00:12:58 (2728 turns).

booth the Chopper (Demonspawn Monk)                 Turns: 2728, Time: 00:12:59

Health: -7/49      AC:  4    Str: 13    XL:     6   Next: 77%
Magic:  6/6        EV: 13    Int: 11    God:
Gold:   203        SH:  5    Dex: 16    Spells: 5/5 levels left

rFire   . . .        n - +0 war axe (drain)
rCold   . . .        (no shield)
rNeg    . . .        g - +0 leather armour
rPois   .            (helmet restricted)
rElec   .            x - +0 cloak
rCorr   +            (no gloves)
SInv    .            (no boots)
Will    .....        i - amulet of reflection
Stlth   +            b - ring of resist corrosion
HPRegen 0.28/turn    (no ring)
MPRegen 0.10/turn

%: reflection
@: no status effects
A: antennae 1, spiny 1
a: no special abilities


You were on level 4 of the Dungeon.
You visited 1 branch of the dungeon, and saw 4 of its levels.

You collected 203 gold pieces.

Inventory:

Hand Weapons
 a - a +0 heavy hand axe
 m - a +0 vampiric mace
 n - a +0 war axe of draining (weapon)
Missiles
 p - 2 boomerangs of dispersal
 t - 3 boomerangs (quivered)
 v - 3 silver boomerangs
Armour
 d - an orb of light
 g - a +0 leather armour (worn)
 o - a +0 ring mail
 x - a +0 cloak (worn)
Jewellery
 b - a ring of resist corrosion (left hand)
 i - an amulet of reflection (around neck)
Scrolls
 f - a scroll of vulnerability
 h - a scroll of butterflies
 k - a scroll of enchant weapon {unknown}
 q - a scroll of teleportation
 r - 2 scrolls of fear {unknown}
 u - a scroll of noise {unknown}
 w - a scroll of torment {unknown}
Potions
 c - a potion of ambrosia
 e - a potion of brilliance
 j - 2 potions of might
 l - a potion of lignification
 s - a potion of flight {unknown}


   Skills:
 + Level 4.5 Fighting
 * Level 5.2 Axes
 + Level 1.1 Throwing
 + Level 4.1 Dodging


You had 5 spell levels left.
You didn't know any spells.
Your spell library contained the following spells:

 Spells                   Type           Power      Damage    Failure   Level
 Freeze                   Ice            0%         1d3       41%         1
 Frozen Ramparts          Ice            0%         1d1       80%         3
 Hailstorm                Conj/Ice       0%         3d3       80%         3
 Malign Gateway           Summ/Tloc      0%         N/A       100%        7
 Summon Horrible Things   Summ           0%         N/A       100%        8


Dungeon Overview and Level Annotations

Branches:
Dungeon (4/15)
 Temple: D:4-7

Altars:

Annotations:
D:4 Dowan


Innate Abilities, Weirdness & Mutations

You have a pair of small antennae on your head.
You are partially covered in sharp spines.


Message History

Duvessa closely misses you. Dowan gestures at you while chanting.
The puff of frost hits you!
You hit Duvessa. You drain Duvessa.
Duvessa is severely wounded.
Duvessa hits you with a +0 rapier.
Dowan casts a spell.
Dowan blinks!
Duvessa closely misses you.
Throw: 3 boomerangs
Press: ? - help, Q - select action, (/) - cycle Shift-Dir - straight line, f - Dowan, p - Duvessa
Aim: Dowan, wielding a +0 long sword and wearing a +0 robe (51% to hit)
You throw a boomerang. The boomerang hits Dowan.
Dowan is lightly wounded.
Duvessa hits you but does no damage.
You barely miss Duvessa.
Duvessa is severely wounded.
Duvessa barely misses you.
You barely miss Duvessa.
Duvessa is severely wounded.
Duvessa hits you with a +0 rapier. x2
You hit Duvessa but do no damage. You drain Duvessa.
Duvessa is almost dead.
You block Duvessa's attack.
Dowan points at you and mumbles some strange words.
You resist with some effort.
You hit Duvessa.
Duvessa is almost dead.
Duvessa hits you with a +0 rapier.
You slash Duvessa!
You kill Duvessa!
Dowan screams, "No!
No!"
Dowan seems to find hidden reserves of power!
Dowan hits you with a +0 long sword.
Your Axes skill increases to level 5!
Your Throwing skill increases to level 1!
You slash Dowan! You drain Dowan.
Dowan is severely wounded.
Dowan casts a spell at you. The shard of ice hits you!!
You die...

.. #### ...
#######..#
....##...##...##
e...#..........#
..............##
....#.........###
....#.........e@#
...............)#
...##.....##..###
# #.....#####
#.#..## #.#### ..
#. ##


You could see Dowan (fast, very drained).

Vanquished Creatures
  Duvessa (D:4)
  An ogre (D:3)
  A scorpion (D:3)
  Crazy Yiuf (D:3)
  An orc wizard (D:3)
  8 adders
  A worm (D:2)
  2 dart slugs
  10 orcs (D:3)
  9 ball pythons
  5 bats
  4 endoplasms
  5 giant cockroaches
  2 goblins (D:1)
  4 hobgoblins
  3 jackals (D:1)
  3 quokkas
  A frilled lizard (D:2)
  5 kobolds
  13 rats
80 creatures vanquished.

Notes
Turn   | Place    | Note
-------+----------+-------------------------------------------
     0 | D:1      | booth the Demonspawn Monk began the quest for the Orb.
     0 | D:1      | Reached XP level 1. HP: 18/18 MP: 1/1
   204 | D:1      | Gained mutation: You are partially covered in sharp spines.
                  | [demonic ancestry]
   204 | D:1      | Reached XP level 2. HP: 21/24 MP: 2/2
   231 | D:1      | Reached skill level 3 in Axes
   451 | D:1      | Reached XP level 3. HP: 28/29 MP: 3/3
  1032 | D:2      | Reached XP level 4. HP: 35/35 MP: 4/4
  1798 | D:3      | Noticed an ogre
  1806 | D:3      | Killed an ogre
  1807 | D:3      | Reached skill level 4 in Axes
  1807 | D:3      | Reached XP level 5. HP: 27/42 MP: 5/5
  2377 | D:3      | Gained mutation: You have a pair of small antennae on your
                  | head. [demonic ancestry]
  2377 | D:3      | Reached XP level 6. HP: 40/48 MP: 6/6
  2457 | D:3      | Found a runed translucent door.
  2458 | D:3      | Noticed Crazy Yiuf
  2625 | D:3      | Killed Crazy Yiuf
  2693 | D:4      | Noticed Duvessa
  2693 | D:4      | Noticed Dowan
  2727 | D:4      | Killed Duvessa
  2728 | D:4      | Reached skill level 5 in Axes
  2728 | D:4      | Reached skill level 1 in Throwing
  2728 | D:4      | Killed from afar by Dowan

Illustrated notes

Levels and vault maps discovered:
D:1:      lightli_arrival_maybe_door_vault, layout_loops_ring, minmay_quantized
D:2:      layout_loops_ring
D:3:      layout_basic, minivault_4, uniq_crazy_yiuf_cottage
D:4:      layout_cave_pools, lemuel_tele_altar,
          pdpol_wu_jian_five_deadly_venoms, minmay_misc_feat_pillars,
          uniq_sigmund, uniq_grinder, uniq_duvessa

Skill      XL: |  1  2  3  4  5  6 |
---------------+-------------------+-----
Axes           | 3 4 5 |  5.2
Dodging        | 3 4 |  4.1
Fighting       | 4 |  4.5
Throwing       | 1 |  1.1

Action                     |  1- 3 |  4- 6 || total
---------------------------+-------+-------++-------
  Melee: Hand axe          |    72 |    45 ||   117
         War axe           |       |    44 ||    44
  Throw: Boomerang         |       |     5 ||     5
    Use: Scroll            |     2 |     7 ||     9
 Armour: Robe              |     4 |       ||     4
         Leather armour    |     8 |     7 ||    15
  Dodge: Dodged            |    45 |    37 ||    82
  Block: Orb               |     1 |    16 ||    17
         Other             |       |     1 ||     1
